 Dungeon Crawl Stone Soup version 0.30-a0-1123-gabc949cf19 (webtiles) character file.

Game seed: 2850522266538294441

85 themarg the Chopper (level 4, 0/33 HPs)
             Began as a Demonspawn Gladiator on Apr 22, 2023.
             Killed from afar by Edmund (10 damage)
             ... with a bolt of light
             ... on level 3 of the Dungeon.
             The game lasted 00:03:39 (2328 turns).

themarg the Chopper (Demonspawn Gladiator)          Turns: 2328, Time: 00:03:39

Health: 0/33       AC:  4    Str: 16    XL:     4   Next: 25%
Magic:  4/4        EV: 12    Int:  9    God:
Gold:   168        SH:  0    Dex: 15    Spells: 3/3 levels left

rFire   . . .        a - +0 war axe
rCold   . . .        (no shield)
rNeg    . . .        b - +0 leather armour
rPois   .            c - +0 helmet
rElec   .            (no cloak)
rCorr   .            (no gloves)
SInv    .            (no boots)
Will    .....        (no amulet)
Stlth   +            (no ring)
HPRegen 0.25/turn    (no ring)
MPRegen 0.09/turn

%: no passive effects
@: confused, mighty
A: hooves 1, powered by pain 1
a: no special abilities


You were on level 3 of the Dungeon.
You visited 1 branch of the dungeon, and saw 4 of its levels.

You collected 168 gold pieces.

Inventory:

Hand Weapons
 a - a +0 war axe (weapon)
Missiles
 d - 3 throwing nets (quivered)
 e - 6 javelins
 f - 31 stones
 i - 8 poisoned darts
 j - 6 boomerangs
Armour
 b - a +0 leather armour (worn)
 c - a +0 helmet (worn)
Wands
 n - a wand of iceblast (1)
Scrolls
 k - a scroll of fear {unknown}
 l - 2 scrolls of identify {unknown}
 m - a scroll of fog {unknown}
Potions
 g - 2 potions of might {unknown}
 h - 3 potions of degeneration {unknown}
 o - a potion of ambrosia {unknown}


   Skills:
 - Level 2.0 Fighting
 + Level 4.7 Axes
 - Level 1.7 Throwing
 - Level 2.6 Dodging


You had 3 spell levels left.
You didn't know any spells.
Your spell library contained the following spells:

 Spells                   Type           Power      Damage    Failure   Level
 Sandblast                Erth           0%         2d4       45%         1
 Passwall                 Tmut/Erth      0%         N/A       58%         2
 Stone Arrow              Conj/Erth      0%         3d7       83%         3


Dungeon Overview and Level Annotations

Branches:
Dungeon (4/15)
 Temple: D:4-7

Altars:

Shops:
D:1 *

Annotations:
D:3 Edmund
D:4 Sigmund


Innate Abilities, Weirdness & Mutations

You have large cloven feet.
You sometimes gain a little power by taking damage.


Message History

Edmund shouts!
You hear a shout!
There is a stone staircase leading up here.
You closely miss Edmund. You kick Edmund.
Edmund is lightly wounded.
Edmund closely misses you.
Sigmund the Dreaded comes into view.
He is wielding a +0 scythe.
You climb upwards.
There is a stone staircase leading down here.
You completely miss Edmund. You kick Edmund.
Edmund is lightly wounded.
Edmund hits you with a +1 heavy flail.
You hit Edmund.
Edmund is moderately wounded.
Edmund hits you with a +1 heavy flail.
You slash Edmund! You kick Edmund.
Edmund is heavily wounded.
Edmund completely misses you.
You barely miss Edmund. Your kick misses Edmund.
Edmund is heavily wounded.
Edmund barely misses you.
You hit Edmund but do no damage. Your kick misses Edmund.
Edmund is heavily wounded.
Edmund closely misses you.
You hit Edmund.
Edmund is heavily wounded.
You barely miss Edmund. You kick Edmund, but do no damage.
Edmund is heavily wounded.
Edmund hits you with a +1 heavy flail!
Ouch! That really hurt!
You focus on the pain.
You feel very mighty all of a sudden.
You slash Edmund! You kick Edmund, but do no damage.
Edmund is severely wounded.
Edmund hits you with a +1 heavy flail.
* * * LOW HITPOINT WARNING * * *
You closely miss Edmund. You kick Edmund.
Edmund is almost dead.
Edmund zaps a wand.
The bolt of light hits you!
You are confused.
You die...

############# #############
............# #.@.........#
.....######.# #@#########.######
###.## ####<####.#########....<..
###.# #...............[#########
.##.# #.#####...######.# #
###.####.# #...### #.# # #
#.<....# #.....####.# # ######.#
#...#......# # ####
##.#####...######.# #
...####.................#########


You could see Edmund.

Vanquished Creatures
  An adder (D:2)
  2 worms
  4 orcs (D:3)
  A ball python (D:1)
  3 bats
  7 endoplasms
  A giant cockroach (D:2)
  4 hobgoblins
  15 jackals
  2 quokkas
  3 frilled lizards
  3 goblins
  6 kobolds
  4 rats
56 creatures vanquished.

Vanquished Creatures (others)
  A plant (D:1)
1 creature vanquished.

Grand Total: 57 creatures vanquished

Notes
Turn   | Place    | Note
-------+----------+-------------------------------------------
     0 | D:1      | themarg the Demonspawn Gladiator began the quest for the
                  | Orb.
     0 | D:1      | Reached XP level 1. HP: 16/16 MP: 1/1
   107 | D:1      | Found Weleneoqy's Assorted Antiques.
   139 | D:1      | Reached skill level 3 in Axes
   156 | D:1      | Gained mutation: You sometimes gain a little power by
                  | taking damage. [demonic ancestry]
   156 | D:1      | Reached XP level 2. HP: 17/22 MP: 2/2
   660 | D:2      | Gained mutation: You have large cloven feet. [demonic
                  | ancestry]
   660 | D:2      | Reached XP level 3. HP: 27/27 MP: 3/3
   866 | D:2      | Reached skill level 4 in Axes
  1568 | D:3      | Reached XP level 4. HP: 23/33 MP: 4/4
  2316 | D:4      | Noticed Edmund
  2317 | D:4      | Noticed Sigmund
  2328 | D:3      | Killed from afar by Edmund

Illustrated notes

Levels and vault maps discovered:
D:1:      dpeg_arrival_round_a, layout_rooms, serial_shops,
          nicolae_shop_overgrown_old_shop
D:2:      layout_basic, nicolae_eternal_life
D:3:      layout_loops_ring, grunt_decor_cap
D:4:      layout_loops_corners, grunt_decor_fettered,
          chequers_serial_rivers_micro_b, minmay_lizard_king, uniq_sigmund,
          uniq_edmund

Skill      XL: |  1  2  3 |
---------------+----------+-----
Axes           | 3 4 |  4.7
Fighting       | |  2.0
Throwing       | |  1.7
Dodging        | |  2.6

Action                     |  1- 3 |  4- 6 || total
---------------------------+-------+-------++-------
  Melee: War axe           |   113 |    34 ||   147
         Kick              |     8 |     7 ||    15
   Stab: Sleeping          |     2 |       ||     2
 Armour: Leather armour    |    27 |     5 ||    32
  Dodge: Dodged            |    93 |    16 ||   109

Table legend: (Time is in decaauts)
 A = Elapsed time spent in this place.
 B = Non-inter-level travel time spent in this place.
 C = Inter-level travel time spent in this place.
 D = Time resting spent in this place.
 E = Time spent auto-exploring this place.
 F = Levels seen in this place.
 G = Mean time per level.
                   A        B        C        D        E       F      G
               +--------+--------+--------+--------+--------+-----+--------+
         Total |   2372 |   2277 |     95 |      0 |   1907 |   4 |  593.0 |
       Dungeon |   2372 |   2277 |     95 |      0 |   1907 |   4 |  593.0 |
               +--------+--------+--------+--------+--------+-----+--------+

Top non-repeatable levels by time:
     D:3: 947 daAuts
     D:2: 925 daAuts
     D:1: 497 daAuts
     D:4: 2 daAuts
